[Event "ICC tourney 2056 (3 2)"]
[Site "Internet Chess Club"]
[Date "2020.10.12"]
[Round "6"]
[White "PearsonH"]
[Black "clydedrexler22"]
[Result "1-0"]
[ICCResult "Black forfeits on time"]
[WhiteElo "1489"]
[BlackElo "1528"]
[Opening "Queen's pawn, Mason variation, Steinitz counter-gambit"]
[ECO "D00"]
[NIC "QP.08"]
[Time "20:11:42"]
[TimeControl "180+2"]

1. d4 d5 2. Bf4 c5 3. e3 Nc6 4. c3 Qb6 5. Qb3 c4 6. Qxb6 axb6 7. Nd2 b5 8.
e4 dxe4 9. Nxe4 Bf5 10. Ng3 Bg6 11. h4 h6 12. Nf3 Nf6 13. Be2 Nd5 14. Bd2 e6
15. O-O Bd6 16. a4 bxa4 17. Bxc4 O-O 18. Ne2 Be4 19. Nh2 Be7 20. g3 Nc7 21.
Bf4 b5 22. Ba2 Nd5 23. Bd2 Rfc8 24. Bb1 Bxb1 25. Raxb1 Na5 26. Nf4 Nc4 27.
Nxd5 exd5 28. Bf4 g5 29. hxg5 hxg5 30. Bc1 f5 31. Nf3 g4 32. Nd2 Kg7 33.
Nxc4 bxc4 34. Bf4 Kf7 35. Ra1 Rc6 36. Ra2 Rca6 37. Rfa1 a3 38. bxa3 Rxa3 39.
Rxa3 Rxa3 40. Rxa3 Bxa3 41. Kf1 Bb2 42. Bd2 Ke6 43. Ke2 Kd6 44. Kd1 Kc6 45.
Kc2 Ba3 46. Bc1 Bd6 47. Be3 Kb5 48. Bg5 Ka4 49. Bc1 Ba3 50. Bd2 Bd6 51. Bc1
Kb5 52. Bg5 Ba3 53. Bd2 Kc6 54. Bf4 Kd7 55. Bd2 Ke6 56. Bf4 Kf7 57. Be3 Kg6
58. Bf4 Be7 59. Bd2 Bg5 60. Bxg5 Kxg5 61. Kd2 f4 62. Ke2 Kf5 63. gxf4 Kxf4
64. Kd2 Kf3 65. Ke1 Kf4 66. Kd2 Kf3 67. Ke1 g3 68. fxg3 Kxg3 69. Ke2 Kg4 70.
Ke3 Kg3 71. Ke2 Kf4 72. Kf2 Ke4 73. Ke2 Kf4 74. Kf2 Kg5 75. Kg3 Kf5 76. Kf3
Kg5 77. Kg3 Kf5 78. Kf3 Kg5 79. Kg3 Kf5 80. Kf3 Kg5 81. Kg3 Kf5 82. Kf3
{Black forfeits on time}
1-0

[Event "ICC tourney 2056 (3 2)"]
[Site "Internet Chess Club"]
[Date "2020.10.12"]
[Round "7"]
[White "kushagra12"]
[Black "Rook99"]
[Result "1-0"]
[ICCResult "Black resigns"]
[WhiteElo "1358"]
[BlackElo "1330"]
[Opening "Sicilian: Hungarian variation"]
[ECO "B27"]
[NIC "SI.43"]
[Time "20:42:07"]
[TimeControl "180+2"]

1. e4 c5 2. Nf3 g6 3. d4 cxd4 4. Qxd4 Nf6 5. e5 Nc6 6. Qd1 Qa5+ 7. Bd2 Qd5
8. exf6 Qe6+ 9. Be2 Qxf6 10. Bc3 Qe6 11. Bxh8 {Black resigns} 1-0

[Event "ICC tourney 2056 (3 2)"]
[Site "Internet Chess Club"]
[Date "2020.10.12"]
[Round "7"]
[White "Atomic-Player"]
[Black "pescadilla"]
[Result "1-0"]
[ICCResult "Black checkmated"]
[WhiteElo "1578"]
[BlackElo "1686"]
[Opening "Sicilian: Kan, 5.Nc3"]
[ECO "B43"]
[NIC "SI.41"]
[Time "20:42:12"]
[TimeControl "180+2"]

1. e4 e6 2. Nf3 c5 3. d4 cxd4 4. Nxd4 a6 5. Nc3 Bc5 6. Be3 Qf6 7. Be2 Nc6 8.
Nxc6 Bxe3 9. fxe3 dxc6 10. Qd2 Qh4+ 11. g3 Qg5 12. O-O-O e5 13. h4 Qe7 14.
Bc4 Nf6 15. Qd6 Bg4 16. Qxe7+ Kxe7 17. Rd3 Bf3 18. Rf1 Bxe4 19. Nxe4 Nxe4
20. Rxf7+ Ke8 21. Rdd7 Rf8 22. Rfe7# {Black checkmated} 1-0

[Event "ICC tourney 2056 (3 2)"]
[Site "Internet Chess Club"]
[Date "2020.10.12"]
[Round "7"]
[White "elevinchess"]
[Black "pika0008"]
[Result "1-0"]
[ICCResult "Black resigns"]
[WhiteElo "1637"]
[BlackElo "1389"]
[Opening "Sicilian defense"]
[ECO "B30"]
[NIC "SI.31"]
[Time "20:42:02"]
[TimeControl "180+2"]

1. e4 c5 2. Nf3 Nc6 3. Nc3 e5 4. Bc4 Be7 5. d3 Nf6 6. Be3 O-O 7. h4 a6 8. a4
Nd4 9. Nxe5 d6 10. Nf3 Nxf3+ 11. Qxf3 Bg4 12. Qg3 h5 13. f3 Bd7 14. Bh6 g6
15. Qxg6+ {Black resigns} 1-0

[Event "ICC tourney 2056 (3 2)"]
[Site "Internet Chess Club"]
[Date "2020.10.12"]
[Round "7"]
[White "drabmolc"]
[Black "HemingLiu"]
[Result "1-0"]
[ICCResult "Black checkmated"]
[WhiteElo "1419"]
[BlackElo "1128"]
[Opening "Queen's pawn game"]
[ECO "D00"]
[NIC "QP.08"]
[Time "20:42:12"]
[TimeControl "180+2"]

1. d4 d5 2. e3 Nc6 3. f4 Nf6 4. c3 Bf5 5. Bd3 Bxd3 6. Qxd3 e6 7. Nd2 Be7 8.
Ngf3 Ne4 9. Nxe4 dxe4 10. Qxe4 O-O 11. O-O Bh4 12. g3 Be7 13. Ne5 Nxe5 14.
fxe5 c6 15. Bd2 Bg5 16. Qg2 Qd5 17. e4 Qd8 18. Bxg5 Qxg5 19. Rf2 f5 20. exf6
Rxf6 21. Rxf6 Qxf6 22. e5 Qg5 23. Rf1 Rf8 24. Rxf8+ Kxf8 25. Qf2+ Kg8 26.
Qf4 Qxf4 27. gxf4 h5 28. Kg2 Kh7 29. Kf3 Kg6 30. Ke4 h4 31. h3 b5 32. b3 a5
33. c4 bxc4 34. bxc4 a4 35. d5 exd5+ 36. cxd5 cxd5+ 37. Kxd5 Kf5 38. e6 Kf6
39. Kd6 g6 40. Kd7 a3 41. e7 Kf7 42. e8=Q+ Kf6 43. Qe7+ Kf5 44. Qe5#
{Black checkmated}
1-0

[Event "ICC tourney 2056 (3 2)"]
[Site "Internet Chess Club"]
[Date "2020.10.12"]
[Round "7"]
[White "blackjack721"]
[Black "BillietheKid"]
[Result "1-0"]
[ICCResult "Black forfeits on time"]
[WhiteElo "1320"]
[BlackElo "1373"]
[Opening "French: Marshall variation"]
[ECO "C10"]
[NIC "FR.04"]
[Time "20:42:08"]
[TimeControl "180+2"]

1. e4 e6 2. d4 d5 3. Nc3 c5 4. e5 cxd4 5. Qxd4 Nc6 6. Qd3 Nxe5 7. Qg3 Nc6 8.
Bd3 Nf6 9. Bg5 Be7 10. Nf3 O-O 11. O-O-O Nb4 12. Be2 Ne4 13. Nxe4 Bxg5+ 14.
Nexg5 Qa5 15. a3 Na2+ 16. Kb1 Nc3+ 17. bxc3 Qxc3 18. Bd3 f6 19. Bxh7+ Kh8
20. Rd3 Qa5 21. Bg6 Qb5+ 22. Rb3 {Black forfeits on time} 1-0

[Event "ICC tourney 2056 (3 2)"]
[Site "Internet Chess Club"]
[Date "2020.10.12"]
[Round "7"]
[White "Alec-hine"]
[Black "KingPidgenYT"]
[Result "1-0"]
[ICCResult "Black forfeits on time"]
[WhiteElo "1679"]
[BlackElo "1405"]
[Opening "Trompowsky attack (Ruth, Opocenský opening)"]
[ECO "A45"]
[NIC "QP.07"]
[Time "20:42:18"]
[TimeControl "180+2"]

1. d4 Nf6 2. Bg5 e6 3. e4 Be7 4. e5 Nd5 5. Bxe7 Nxe7 6. Nf3 d6 7. Bd3 Nbc6
8. O-O O-O 9. Nc3 h6 10. Qe2 b6 11. a3 Bb7 12. Rad1 Re8 13. Rfe1 d5 14. Qe3
Qd7 15. Nh4 a6 16. f4 Rf8 17. Re2 Qd8 18. Rf1 Bc8 19. Ref2
{Black forfeits on time}
1-0

[Event "ICC tourney 2056 (3 2)"]
[Site "Internet Chess Club"]
[Date "2020.10.12"]
[Round "7"]
[White "lucachesschess"]
[Black "chessrex"]
[Result "0-1"]
[ICCResult "White checkmated"]
[WhiteElo "1528"]
[BlackElo "1884"]
[Opening "Philidor: López counter-gambit"]
[ECO "C41"]
[NIC "KP.10"]
[Time "20:42:21"]
[TimeControl "180+2"]

1. e4 e5 2. Nf3 d6 3. Bc4 f5 4. d4 b5 5. Bb3 fxe4 6. Ng5 d5 7. dxe5 c6 8. e6
Nh6 9. O-O Qf6 10. f3 Bc5+ 11. Kh1 e3 12. Qe2 Qxg5 13. f4 Qf6 14. Bxe3 Bxe3
15. Qxe3 Qxe6 16. Qc5 Na6 17. Qd4 Nf5 18. Qd3 Nc5 19. Qd1 O-O 20. Re1 Ne4
21. g4 Nf2+ 22. Kg2 Nxd1 23. Rxe6 Bxe6 24. gxf5 Ne3+ 25. Kf3 Nxf5 26. Nc3
Nd4+ 27. Ke3 Nxb3 28. axb3 Rad8 29. Rd1 d4+ 30. Rxd4 Rxd4 31. Kxd4 Rxf4+ 32.
Ke5 Rf6 33. Ne4 Rh6 34. Ng5 Rh5 35. Kf4 Bd5 36. Kg4 Rxh2 37. Kg3 Rxc2 38.
Nxh7 Kxh7 39. b4 Rxb2 40. Kh3 g5 41. Kg3 Kg6 42. Kh3 Rb3+ 43. Kh2 Kh5 44.
Kg1 Rb2 45. Kf1 Kg4 46. Kg1 Kg3 47. Kf1 Kf3 48. Ke1 Ke3 49. Kd1 Kd3 50. Kc1
Kc3 51. Kd1 g4 52. Kc1 Rc2+ 53. Kb1 Kb3 54. Ka1 Rc1# {White checkmated} 0-1

[Event "ICC tourney 2056 (3 2)"]
[Site "Internet Chess Club"]
[Date "2020.10.12"]
[Round "7"]
[White "ekanshmehrotra"]
[Black "pmchess98"]
[Result "1-0"]
[ICCResult "Black resigns"]
[WhiteElo "1501"]
[BlackElo "1396"]
[Opening "KP: Nimzovich defense"]
[ECO "B00"]
[NIC "VO.04"]
[Time "20:42:10"]
[TimeControl "180+2"]

1. e4 Nc6 2. d4 e5 3. d5 Nce7 4. Nf3 Ng6 5. c4 Nf6 6. Nc3 Bb4 7. Bd3 Bxc3+
8. bxc3 d6 9. O-O O-O 10. h3 b6 11. Be3 Nf4 12. Bxf4 exf4 13. Nd4 Bd7 14.
Qf3 g5 15. h4 h6 16. g3 Bg4 17. Qg2 Qd7 18. hxg5 Bh3 19. Qh2 hxg5 20. Rfe1
Kg7 21. e5 dxe5 22. Rxe5 Qg4 23. Bf5 fxg3 24. fxg3 Rh8 25. Bxg4 Bxg4 26.
Rxg5+ {Black resigns} 1-0

[Event "ICC tourney 2056 (3 2)"]
[Site "Internet Chess Club"]
[Date "2020.10.12"]
[Round "7"]
[White "Tombstone"]
[Black "StevChess01"]
[Result "1-0"]
[ICCResult "Black resigns"]
[WhiteElo "1655"]
[BlackElo "1385"]
[Opening "Catalan opening"]
[ECO "E00"]
[NIC "CA.01"]
[Time "20:42:04"]
[TimeControl "180+2"]

1. d4 Nf6 2. c4 e6 3. g3 Bb4+ 4. Nd2 O-O 5. Bg2 d5 6. Nf3 Be7 7. O-O c5 8.
cxd5 Nxd5 9. dxc5 Bxc5 10. Qc2 Be7 11. Ne4 Nd7 12. Bd2 N7f6 13. Nxf6+ Nxf6
14. Bc3 Bd7 15. Ne5 Rb8 16. Rfd1 Qc8 17. Nxd7 Nxd7 18. Rac1 Nf6 19. Be5 Qxc2
20. Rxc2 Rbc8 21. Rxc8 Rxc8 22. Bxb7 Rc2 23. Bf3 h6 24. Bc3 Ba3 25. Rd8+ Kh7
26. Bxf6 gxf6 27. Be4+ f5 28. Bxc2 Bxb2 29. Rd7 Kg6 30. Rxa7 {Black resigns}
1-0

[Event "ICC tourney 2056 (3 2)"]
[Site "Internet Chess Club"]
[Date "2020.10.12"]
[Round "7"]
[White "hackerguru"]
[Black "BreatheChessAls"]
[Result "1/2-1/2"]
[ICCResult "Game drawn by repetition"]
[WhiteElo "1545"]
[BlackElo "1624"]
[Opening "English opening"]
[ECO "A05"]
[NIC "EO.52"]
[Time "20:42:07"]
[TimeControl "180+2"]

1. Nf3 Nf6 2. c4 g6 3. Nc3 d5 4. cxd5 Nxd5 5. h4 Nxc3 6. bxc3 h5 7. g3 Bg7
8. Bg2 O-O 9. O-O c5 10. Qc2 Nc6 11. Bb2 Bf5 12. e4 Bg4 13. d3 Rc8 14. Rfe1
Qc7 15. Qd2 Rfd8 16. d4 Bxf3 17. Bxf3 cxd4 18. cxd4 Nxd4 19. Bxd4 Bxd4 20.
Rac1 Qb6 21. Kg2 e5 22. Rf1 Qa6 23. Rxc8 Rxc8 24. Qg5 Qxa2 25. Bxh5 Rc2 26.
Bxg6 Rxf2+ 27. Kh3 Rxf1 28. Bf5+ Kf8 29. Qd8+ Kg7 30. Qg5+ Kf8 31. Qd8+ Kg7
32. Qg5+ Kf8 33. Qd8+ Kg7 34. Qg5+ Kf8 35. Qd8+ Kg7 {Game drawn by
repetition} 1/2-1/2

[Event "ICC tourney 2056 (3 2)"]
[Site "Internet Chess Club"]
[Date "2020.10.12"]
[Round "7"]
[White "shanmukha123"]
[Black "javasri"]
[Result "1-0"]
[ICCResult "Black resigns"]
[WhiteElo "1720"]
[BlackElo "1657"]
[Opening "King's Indian: London system"]
[ECO "A48"]
[NIC "QP.03"]
[Time "20:42:08"]
[TimeControl "180+2"]

1. d4 Nf6 2. Nf3 g6 3. Bf4 Bg7 4. e3 d6 5. h3 Nbd7 6. c4 c5 7. Nc3 O-O 8.
Be2 Re8 9. O-O a6 10. Qc2 e5 11. dxe5 dxe5 12. Bh2 e4 13. Nd2 Qe7 14. Rad1
b6 15. Rfe1 Bb7 16. Nf1 Ne5 17. Ng3 Nc6 18. a3 h5 19. Rd2 h4 20. Nf1 Ne5 21.
Red1 g5 22. Nd5 Nxd5 23. cxd5 Rad8 24. Qxe4 Qf6 25. Bxe5 Rxe5 26. Qg4 Rexd5
27. Rxd5 Rxd5 28. Rxd5 Bxd5 29. Qc8+ Bf8 30. Bd3 Be6 31. Qxa6 Qxb2 32. a4
Qb4 33. Qb7 c4 34. Bc2 c3 35. Qe4 Bg7 36. Qxb4 {Black resigns} 1-0

[Event "ICC tourney 2056 (3 2)"]
[Site "Internet Chess Club"]
[Date "2020.10.12"]
[Round "7"]
[White "wildrumpus"]
[Black "Kinawa"]
[Result "1-0"]
[ICCResult "Black forfeits on time"]
[WhiteElo "1356"]
[BlackElo "1469"]
[Opening "Queen's pawn game"]
[ECO "A45"]
[NIC "QP.07"]
[Time "20:42:10"]
[TimeControl "180+2"]

1. d4 Nf6 2. e3 e6 3. Nd2 c5 4. c3 d5 5. Bd3 Nc6 6. f4 Bd6 7. Ngf3 O-O 8.
Ne5 c4 9. Bc2 Nd7 10. O-O Ndxe5 11. fxe5 Be7 12. Qh5 g6 13. Qh3 Bg5 14. Nf3
Be7 15. e4 dxe4 16. Bxe4 f5 17. exf6 Bxf6 18. Qh6 e5 19. Ng5 Bxg5 20. Rxf8+
Qxf8 21. Bxg5 Qxh6 22. Bxh6 exd4 23. Bxc6 bxc6 24. cxd4 Bf5 25. Rc1 Bd3 26.
b3 cxb3 27. axb3 Be4 28. Kf2 Kf7 29. g3 Rd8 30. Ke3 Bd5 31. b4 Rb8 32. Rb1
a5 33. Bf4 Rb7 34. Bd6 Ke6 35. Bc5 a4 36. Ra1 Bb3 37. Ke4 Rb8 38. Kd3 Ra8
39. Re1+ Kd7 40. Re7+ Kd8 41. Rxh7 {Black forfeits on time} 1-0

[Event "ICC tourney 2056 (3 2)"]
[Site "Internet Chess Club"]
[Date "2020.10.12"]
[Round "7"]
[White "PearsonH"]
[Black "saisiva765"]
[Result "0-1"]
[ICCResult "White forfeits on time"]
[WhiteElo "1482"]
[BlackElo "1707"]
[Opening "Queen's pawn, Mason variation"]
[ECO "D00"]
[NIC "QP.08"]
[Time "20:42:07"]
[TimeControl "180+2"]

1. d4 d5 2. Bf4 Bf5 3. e3 e6 4. Bd3 Bg6 5. c3 Nf6 6. Nf3 Nbd7 7. Ne5 Nxe5 8.
Bxe5 Nd7 9. Bg3 c5 10. O-O Qb6 11. Bxg6 hxg6 12. Qb3 c4 13. Qc2 Bd6 14. f4
Qc6 15. Nd2 f5 16. Nf3 Nf6 17. Ne5 Bxe5 18. fxe5 Ne4 19. Bf2 O-O-O 20. h3
Kb8 21. Rfc1 g5 22. b3 g4 23. Kh2 g5 24. bxc4 gxh3 25. g3 dxc4 26. Rab1 Nxc3
27. Rg1 Nxb1 28. Qxb1 c3 29. Qc2 Rc8 30. Be1 Qf3 31. Qf2 Qe4 32. Qe2 f4 33.
gxf4 gxf4 34. Qg4 c2 35. Bd2 Qd3 {White forfeits on time} 0-1

[Event "ICC tourney 2056 (3 2)"]
[Site "Internet Chess Club"]
[Date "2020.10.12"]
[Round "7"]
[White "danaglin"]
[Black "Knightboy123"]
[Result "1-0"]
[ICCResult "Black checkmated"]
[WhiteElo "1242"]
[BlackElo "1332"]
[Opening "Sicilian: closed"]
[ECO "B23"]
[NIC "SI.44"]
[Time "20:42:26"]
[TimeControl "180+2"]

1. e4 c5 2. Nc3 d6 3. f4 Nc6 4. Nf3 Nf6 5. Bb5 e6 6. O-O Bd7 7. e5 dxe5 8.
fxe5 Nd5 9. Nxd5 exd5 10. Re1 Be7 11. d4 a6 12. Bxc6 Bxc6 13. c3 O-O 14. Bf4
Qb6 15. Qd2 cxd4 16. Nxd4 Bc5 17. Kh1 Bxd4 18. cxd4 Bd7 19. Rac1 Rac8 20. b3
Bf5 21. Rxc8 Rxc8 22. Rc1 Rxc1+ 23. Qxc1 Qc6 24. Qxc6 bxc6 25. Kg1 Kf8 26.
Kf2 Ke8 27. Ke3 Kd7 28. g3 Kc8 29. Kd2 Kb7 30. Kc3 Kb6 31. Kb4 a5+ 32. Kc3
Kb5 33. a4+ Kb6 34. b4 axb4+ 35. Kxb4 Bd3 36. a5+ Kc7 37. e6+ Kd8 38. exf7
Ke7 39. Bd6+ Kxf7 40. Kc5 Bb5 41. Kb6 Ke6 42. Bc5 Kd7 43. a6 Bxa6 44. Kxa6
g6 45. Kb6 h6 46. Bf8 h5 47. h4 Ke8 48. Kxc6 Kxf8 49. Kxd5 Ke8 50. Ke6 Kd8
51. Kd6 Ke8 52. Kc7 g5 53. hxg5 h4 54. gxh4 Kf7 55. d5 Ke7 56. d6+ Kf7 57.
d7 Kg7 58. d8=Q Kg6 59. Qf6+ Kh7 60. Qh6+ Kg8 61. Qf6 Kh7 62. Qf7+ Kh8 63.
Qe7 Kg8 64. g6 Kh8 65. Qh7# {Black checkmated} 1-0

[Event "ICC tourney 2056 (3 2)"]
[Site "Internet Chess Club"]
[Date "2020.10.12"]
[Round "7"]
[White "MagnumPI"]
[Black "ChessMonkey123"]
[Result "0-1"]
[ICCResult "White forfeits on time"]
[WhiteElo "1214"]
[BlackElo "1329"]
[Opening "QGD: Been-Koomen variation"]
[ECO "D50"]
[NIC "QP.07"]
[Time "20:42:11"]
[TimeControl "180+2"]

1. d4 Nf6 2. Bg5 e6 3. c4 d5 4. Nc3 c5 5. e3 Nc6 6. cxd5 exd5 7. Bb5 Qb6 8.
Bxf6 gxf6 9. a4 cxd4 10. Nxd5 Qd8 11. Bxc6+ bxc6 12. Nf4 c5 13. exd4 cxd4
14. Qe2+ Be7 15. Nf3 Qa5+ 16. Nd2 Rb8 17. O-O Rxb2 18. Rfe1 Qb4 19. Nd5 Rxd2
20. Qxe7+ Qxe7 21. Rxe7+ Kf8 22. Rc1 Be6 {White forfeits on time} 0-1

[Event "ICC tourney 2056 (3 2)"]
[Site "Internet Chess Club"]
[Date "2020.10.12"]
[Round "7"]
[White "Laxman90"]
[Black "cjcardoso"]
[Result "0-1"]
[ICCResult "White checkmated"]
[WhiteElo "1468"]
[BlackElo "1454"]
[Opening "QGD Slav: Czech defense"]
[ECO "D17"]
[NIC "SL.04"]
[Time "20:42:05"]
[TimeControl "180+2"]

1. d4 d5 2. c4 c6 3. Nc3 Nf6 4. Nf3 dxc4 5. a4 Bf5 6. g3 e6 7. Bg2 Bb4 8.
Ne5 O-O 9. Nxc4 Ne4 10. Bd2 Nxd2 11. Qxd2 Nd7 12. O-O Re8 13. e4 Bg6 14. Qe3
c5 15. Rfd1 cxd4 16. Qxd4 Nf6 17. Nd6 Bxd6 18. Qxd6 Qxd6 19. Rxd6 Red8 20.
e5 Rxd6 21. exd6 Rd8 22. Rd1 Ne8 23. d7 Nf6 24. Bxb7 Rxd7 25. Rxd7 Nxd7 26.
Nb5 a5 27. Nd4 Nc5 28. Bc6 Kf8 29. Bb5 Ke7 30. Nc6+ Kd6 31. Nxa5 Kc7 32. Nc4
Bd3 33. f3 Bxc4 34. Bxc4 Nxa4 35. Bb5 Nxb2 36. Be8 f6 37. Kf2 Nd3+ 38. Ke3
Ne5 39. Ba4 Kd6 40. h4 h6 41. Bb3 Nc6 42. g4 Nb4 43. Kd4 Nc6+ 44. Ke3 Ke5
45. f4+ Kd6 46. Ke4 Nb4 47. Kd4 e5+ 48. fxe5+ fxe5+ 49. Ke4 Nc6 50. Kf5 Nd4+
51. Kg6 Nxb3 52. Kxg7 e4 53. Kxh6 e3 54. g5 e2 55. g6 e1=Q 56. g7 Qe6+ 57.
Kh7 Qf7 58. h5 Nd4 59. h6 Nf5 60. Kh8 Nxh6 61. Kh7 Nf5 62. Kh8 Qxg7#
{White checkmated}
0-1

[Event "ICC tourney 2056 (3 2)"]
[Site "Internet Chess Club"]
[Date "2020.10.12"]
[Round "7"]
[White "chief2006"]
[Black "Jett503"]
[Result "0-1"]
[ICCResult "White resigns"]
[WhiteElo "1269"]
[BlackElo "1266"]
[Opening "French: advance variation"]
[ECO "C02"]
[NIC "FR.03"]
[Time "20:42:02"]
[TimeControl "180+2"]

1. e4 e6 2. d4 d5 3. e5 c5 4. c3 cxd4 5. cxd4 Bb4+ 6. Nc3 h6 7. Bd2 Ne7 8.
Nf3 O-O 9. a3 Ba5 10. b4 Bb6 11. Na4 Nbc6 12. Nxb6 Qxb6 13. Be2 Nxd4 14. Be3
Nxf3+ 15. Bxf3 Qa6 16. Be2 Qc6 17. O-O Qc7 18. Rc1 Qd7 19. a4 a6 20. Bb6 Nc6
21. f4 Nxb4 22. Bc5 Na2 23. Rc2 Qxa4 24. Bxf8 Qe4 25. Rxa2 Kxf8 26. Qc2 Qd4+
27. Kh1 b5 28. Rc1 Bb7 29. Qc5+ Qxc5 30. Rxc5 Rd8 31. Rc7 Ba8 32. Rxa6 d4
33. Bxb5 d3 34. Rc1 d2 35. Rd1 Bd5 36. Rd6 Rb8 37. Rxd2 Rxb5 38. Kg1 Rb1+
39. Kf2 Rb4 40. g3 Rb1 41. Ra2 g6 42. Rd7 Bxa2 43. Rd8+ Ke7 44. Rh8 h5 45.
Rh6 Rb2+ 46. Kg1 Bd5 47. h3 Rg2+ 48. Kf1 Rxg3 49. h4 Rf3+ 50. Ke2 Rxf4 51.
Ke3 Rxh4 52. Rh7 Re4+ {White resigns} 0-1

[Event "ICC tourney 2056 (3 2)"]
[Site "Internet Chess Club"]
[Date "2020.10.12"]
[Round "7"]
[White "garfield92037"]
[Black "saikanth"]
[Result "1-0"]
[ICCResult "Black forfeits on time"]
[WhiteElo "1410"]
[BlackElo "1433"]
[Opening "Caro-Kann: Panov-Botvinnik attack"]
[ECO "B13"]
[NIC "CK.03"]
[Time "20:42:57"]
[TimeControl "180+2"]

1. e4 c6 2. d4 d5 3. exd5 cxd5 4. c4 Nf6 5. Nc3 Nc6 6. Nf3 e6 7. Bg5 Be7 8.
Rc1 O-O 9. c5 Ne4 10. Bxe7 Qxe7 11. Bd3 f5 12. O-O g5 13. Re1 g4 14. Nd2 h5
15. f3 Nxd2 16. Qxd2 Qf6 17. Kh1 Nxd4 18. fxg4 hxg4 19. Qf4 Nc6 20. Qg3 Bd7
21. Rf1 Rae8 22. Rce1 Rf7 23. Rf2 Rg7 24. Ref1 Qh6 25. Re2 Rf8 26. Qd6 g3
27. h3 Nd4 28. Ree1 f4 29. Nxd5 f3 30. Ne7+ Rxe7 31. Qxe7 fxg2+ 32. Kxg2
{Black forfeits on time}
1-0

[Event "ICC tourney 2056 (3 2)"]
[Site "Internet Chess Club"]
[Date "2020.10.12"]
[Round "7"]
[White "NSXchessplayer"]
[Black "Vidipkona"]
[Result "1/2-1/2"]
[ICCResult "Game drawn by the 50 move rule"]
[WhiteElo "1403"]
[BlackElo "1561"]
[Opening "Sicilian defense"]
[ECO "B20"]
[NIC "SI.48"]
[Time "20:42:05"]
[TimeControl "180+2"]

1. e4 c5 2. d3 d6 3. g3 Nf6 4. Bg2 e6 5. Ne2 Be7 6. O-O O-O 7. c3 Nc6 8. f4
d5 9. Be3 b6 10. Nd2 Bb7 11. h3 Rc8 12. d4 cxd4 13. Nxd4 Nxd4 14. Bxd4 dxe4
15. Bxf6 Bxf6 16. Nxe4 Be7 17. Qxd8 Rfxd8 18. Rfd1 Rxd1+ 19. Rxd1 Rd8 20.
Rxd8+ Bxd8 21. Nf6+ Bxf6 22. Bxb7 e5 23. fxe5 Bxe5 24. Kf2 Kf8 25. Bd5 Ke7
26. Kf3 f6 27. g4 Kd6 28. Ke4 g6 29. Bg8 h6 30. Bh7 g5 31. Bg8 Ke7 32. Kd5
Kd7 33. Bh7 a5 34. Bf5+ Kc7 35. Ke6 Kc6 36. Be4+ Kc5 37. Bd5 b5 38. Be4 b4
39. cxb4+ axb4 40. b3 Kd4 41. Bd5 Kc3 42. Kf5 Kb2 43. Kg6 Kxa2 44. Kxh6 Kb2
45. Kh5 Kc3 46. h4 Bf4 47. hxg5 fxg5 48. Be6 Kd4 49. Kg6 Ke5 50. Bc4 Ke4 51.
Be6 Kf3 52. Kf5 Ke3 53. Bc4 Kd4 54. Ke6 Ke4 55. Bd5+ Kd4 56. Bc4 Ke3 57. Kf5
Kf2 58. Be6 Ke3 59. Bc4 Kd4 60. Be6 Kc5 61. Bc4 Kd6 62. Be6 Ke7 63. Bc4 Kd7
64. Ke4 Kd6 65. Kf5 Kc5 66. Ke6 Kd4 67. Kf5 Ke3 68. Ke6 Kf3 69. Kf5 Ke3 70.
Ke6 Kd2 71. Kf5 Kc3 72. Ke4 Bd2 73. Kf5 Bf4 74. Ke4 Kd2 75. Kf3 Kc3 76. Ke4
Kb2 77. Kd3 Kc1 78. Ke4 Kd2 79. Kf3 Kc3 80. Be6 Kd4 81. Bc4 Ke5 82. Ke2 Ke4
83. Be6 Be5 84. Kf2 Kf4 85. Ke2 Bc3 86. Kd3 Kg3 87. Ke4 Kh4 88. Kf5 Bb2 89.
Bc4 Bc1 90. Bf1 Bf4 91. Bc4 Bd2 92. Be2 Kg3 93. Ke4 Kf2 94. Bc4 Kg3 95. Be6
Kf2 96. Bc4 Kg3 97. Be6 Bf4 98. Bf5 Bd2 99. Kd4 Bc3+ 100. Kc4 Kf4 101. Kd3
Ke5 102. Ke3 Bd4+ 103. Kd3 Bc3 104. Kc4 Kf4 105. Kd3 Kf3 106. Be6 Kf4 107.
Bf5 Ke5 108. Ke3 Kd6 109. Ke4 Kc5 110. Be6 Bd2 111. Bc4 Bf4 112. Kf5 Kd4
113. Kg6 Ke3 114. Kh5 Kf3 115. Be6 Kg3 116. Kg6 Kf3 117. Kf5 Ke3 118. Bc4
Kd4 119. Kg6 Kc3 120. Kf5 Kd2 121. Be6 Kc3 122. Bc4 Kd4 123. Kg6 Ke3 124.
Kf5 Kf3 125. Be6 Ke3 126. Bc4 Kd4 127. Be6 Kc5 128. Bc4 Kd4 129. Be6 Kd3
130. Bc4+ Kc3 131. Be6 Kb2 132. Bc4 Kc2 133. Be6 Kd2 134. Bc4 Ke3 135. Be6
Kd4 136. Bc4 Kc5 137. Be6 Kd6 138. Bc4 Ke7 139. Ke4 Kd7 140. Kd5 Ke7 141.
Kc5 Bd2 142. Kd5 Kf6 143. Ke4 Bc3 144. Bd5 Be5 145. Bc4 Bc3 146. Bd5 Ke7
147. Kf5 Bd2 148. Bc4 Kd6 149. Be6 Kc5 {Game drawn by the 50 move rule}
1/2-1/2

[Event "ICC tourney 2056 (3 2)"]
[Site "Internet Chess Club"]
[Date "2020.10.12"]
[Round "7"]
[White "stephenwilly"]
[Black "pawnsacrifice5"]
[Result "0-1"]
[ICCResult "White checkmated"]
[WhiteElo "1512"]
[BlackElo "1961"]
[Opening "Sicilian: Pelikan (Lasker/Sveshnikov) variation"]
[ECO "B33"]
[NIC "SI.35"]
[Time "20:42:12"]
[TimeControl "180+2"]

1. e4 c5 2. Nf3 Nc6 3. d4 cxd4 4. Nxd4 Nf6 5. Nc3 e5 6. Nf3 Bb4 7. Bd2 O-O
8. Bc4 d6 9. O-O Bxc3 10. Bxc3 Nxe4 11. Re1 Nxc3 12. bxc3 Bg4 13. h3 Bh5 14.
Qd3 Qf6 15. Nd2 Bg6 16. Ne4 Bxe4 17. Rxe4 Rfd8 18. Rg4 Ne7 19. Bd5 Rab8 20.
Re1 Ng6 21. g3 b6 22. Re3 Rf8 23. Rf3 Qe7 24. h4 e4 25. Rxe4 Ne5 26. Qe3
Nxf3+ 27. Qxf3 Qf6 28. Rf4 Qe7 29. Be4 Rbe8 30. Qd3 g6 31. h5 Qe5 32. Rh4
Re6 33. hxg6 hxg6 34. Qe3 Qg7 35. Qd3 Re5 36. Rg4 Re6 37. Rh4 Qf6 38. Rf4
Qg5 39. Bd5 Rf6 40. Rh4 Kg7 41. Bf3 Qe5 42. Re4 Qc5 43. Rc4 Qg5 44. Rg4 Qc1+
45. Kg2 Rh8 46. Rh4 Rxh4 47. gxh4 Qf4 48. Qe3 Qxe3 49. fxe3 Rf5 50. c4 Ra5
51. Bd5 Rxa2 52. Be4 f5 53. Bd3 Kf6 54. Kf3 Ke5 55. c3 Rh2 56. c5 dxc5 57.
Bc4 Rxh4 58. Kg3 Rxc4 59. e4 Rxc3+ 60. Kf2 f4 61. Ke2 Kxe4 62. Kf2 Re3 63.
Kf1 g5 64. Kg2 g4 65. Kf2 c4 66. Kg2 b5 67. Kf2 c3 68. Kg2 c2 69. Kf2 c1=Q
70. Kg2 Qd2+ 71. Kh1 Re1# {White checkmated} 0-1